 Dungeon Crawl Stone Soup version 0.18.1-50-g88ac8fd (webtiles) character file.

167 Amnesiac the Cutter (level 5, -2/41 HPs)
             Began as a Merfolk Fighter on Mar 5, 2018.
             Killed by divine providence
             ... invoked by an orc priest
              (15 damage)
             ... on level 3 of the Dungeon.
             The game lasted 00:04:45 (1655 turns).

Amnesiac the Cutter (Merfolk Fighter)               Turns: 1655, Time: 00:04:45

Health: -2/41      AC:  6    Str: 23    XL:     5   Next: 48%
Magic:  5/5        EV:  7    Int:  7    God:
Gold:   49         SH:  9    Dex: 13    Spells: 0 memorised, 4 levels left

rFire  . . .     SeeInvis .     e - +2 dagger (flame)
rCold  . . .     Gourm    .     b - +0 scale mail
rNeg   . . .     Faith    .     c - +0 shield
rPois  .         Spirit   .     (no helmet)
rElec  .         Dismiss  .     (no cloak)
rCorr  .         Reflect  .     (no gloves)
SustAt .         Harm     .     (no boots)
MR     .....                    (no amulet)
Stlth  ..........               (no ring)
                                (no ring)

@: mighty, not resistant to hostile enchantments, extremely unstealthy
A: change form in water, swift swim
a: no special abilities


You were on level 3 of the Dungeon.
You were not hungry.

You visited 1 branch of the dungeon, and saw 4 of its levels.

You collected 49 gold pieces.

Inventory:

Hand Weapons
 a - a +0 rapier
 e - a +2 dagger of flaming (weapon)
Missiles
 n - 2 curare-tipped needles
Armour
 b - a +0 scale mail (worn)
 c - a +0 shield (worn)
Scrolls
 g - 3 scrolls of identify {!r, unknown}
 i - a scroll of teleportation {!r}
 l - a scroll of amnesia {!r, unknown}
 o - a scroll of immolation {!r, unknown}
Comestibles
 f - 2 bread rations
 h - a royal jelly
 j - 6 chunks of flesh
 k - a slice of pizza


   Skills:
 - Level 3.2 Fighting
 + Level 6.6 Short Blades
 - Level 2.1 Armour
 - Level 3.0 Shields


You had 4 spell levels left.
You didn't know any spells.

Dungeon Overview and Level Annotations

Branches:
Dungeon (4/15)
 Temple: D:4-7

Altars:

Annotations:
D:2 Grinder
D:3 Jessica
D:4 Dowan, Duvessa


Message History

You hit the kobold. You burn the kobold.
You kill the kobold!
The orc shouts!
There is a stone staircase leading down here.
The orc priest shouts!
The rat bites you but does no damage. You block the goblin's attack.
You climb downwards. 3 orc priests, an ogre, Duvessa, Dowan, a skeleton and 2 snakes come into view.
Duvessa shouts!
Dowan shouts!
The ogre shouts!
The orc priest shouts! x3
Found a hunting sling, 6 gold pieces and a scroll of teleportation.
Found a stone staircase leading down and a stone staircase leading up.
There is a stone staircase leading up here.
The rat bites you.
The ball python bites you but does no damage.
You block the ball python's attack.
Dowan casts a spell.
Dowan blinks!
You climb upwards.
Level annotation: Ijyb, Jessica The orc shouts!
You block the orc's attack.
The orc priest calls down the wrath of Beogh upon you.
Beogh smites you! The goblin hits you with a club.
There is a stone staircase leading down here.
Ijyb completely misses you. You block Ijyb's attack.
The orc hits you but does no damage.
The orc priest mumbles some strange prayers to Beogh against you.
Beogh smites you!
* * * LOW HITPOINT WARNING * * *
You block the orc's attack.
The orc priest shouts!
Ijyb screams, "Me very upset!"
The orc priest casts a cantrip, but nothing happens.
The ball python bites you but does no damage.
The ball python grabs you. The ball python constricts you.
The orc hits you with a mace.
* * * LOW HITPOINT WARNING * * *
You escape the ball python's grasp.
The orc priest miscasts a cantrip.
Drink which item? (? for menu, Esc to quit)
Okay, then.
Drink which item? (? for menu, Esc to quit)
Really quaff
d - a potion of might {!q}?
You feel very mighty all of a sudden. Ijyb hits you but does no damage.
You puncture Ijyb! You burn Ijyb.
Ijyb is moderately wounded.
You block Ijyb's attack.
You closely miss Ijyb.
Ijyb is moderately wounded.
The jackal barks!
You block Ijyb's attack.
You puncture Ijyb! You burn Ijyb.
You kill Ijyb!
You puncture the ball python! You burn the ball python.
You kill the ball python!
You closely miss the rat. The orc barely misses you.
You puncture the rat! You burn the rat.
You kill the rat!
The orc priest casts a cantrip, but nothing happens.
The jackal barely misses you. You block the orc's attack.
The orc priest calls down the wrath of Beogh upon you.
Beogh smites you!
You die...

#........K.........#
#.....S..###..#####
#####.#### #..## ## #.#
#...# #. #.# #.#.### #. #.##
#.#...# #. #..## #.###.###
#. ##..####h# #...# #.
###...##@# ###.# #.
[....[##.##g### #.# ##
..S.......oo..###.##
.........ooo...##..##
....o...........##..#####
..............#..##.....#
............>.##..#####.####
5............###..####<....
...............##?.##......


You could see 2 orc priests, 3 orcs, a jackal and a goblin.

Vanquished Creatures
  2 orc wizards (D:2)
  Ijyb (D:3)
  3 adders
  2 oozes (D:2)
  A dart slug (D:1)
  3 orcs
  A ball python (D:3)
  5 bats
  A giant cockroach (D:1)
  2 goblins (D:2)
  5 hobgoblins
  9 jackals
  6 kobolds
  A quokka (D:2)
  3 giant newts
  3 rats
  A plant (D:1)
49 creatures vanquished.

Notes
Turn   | Place    | Note
--------------------------------------------------------------
     0 | D:1      | Amnesiac the Merfolk Fighter began the quest for the Orb.
     0 | D:1      | Reached XP level 1. HP: 18/18 MP: 1/1
    41 | D:1      | Reached skill level 3 in Short Blades
    92 | D:1      | Reached XP level 2. HP: 11/24 MP: 2/2
   366 | D:2      | Noticed Jessica
   371 | D:3      | Noticed Grinder
   384 | D:3      | Paralysed by Grinder for 4 turns
   689 | D:3      | Noticed Ijyb
   765 | D:2      | Reached skill level 4 in Short Blades
   765 | D:2      | Reached XP level 3. HP: 23/29 MP: 3/3
   915 | D:3      | Paralysed by Grinder for 3 turns
   922 | D:2      | Paralysed by Grinder for 4 turns
  1193 | D:3      | Reached skill level 5 in Short Blades
  1209 | D:2      | Reached XP level 4. HP: 35/35 MP: 4/4
  1460 | D:2      | Reached skill level 6 in Short Blades
  1468 | D:2      | Reached XP level 5. HP: 24/41 MP: 5/5
  1640 | D:4      | Noticed Duvessa
  1640 | D:4      | Noticed Dowan
  1640 | D:4      | Noticed an ogre
  1652 | D:3      | Killed Ijyb
  1655 | D:3      | Killed from afar by an orc priest

Skill      XL: |  1  2  3  4 |
---------------+-------------+-----
Short Blades   | 3 4 5 6 |  6.6
Fighting       | |  3.2
Armour         | |  2.1
Shields        | |  3.0

Action                   |  1- 3 |  4- 6 || total
-------------------------+-------+-------++-------
Melee: Dagger            |   154 |    77 ||   231
       Rapier            |    11 |       ||    11
  Use: Scroll            |     2 |       ||     2
       Potion            |       |     2 ||     2
  Eat: Chunk             |     1 |     2 ||     3
Armor: Scale mail        |    84 |    34 ||   118
Dodge: Dodged            |    38 |    12 ||    50
Block: Shield            |    79 |    37 ||   116
